Map: Blackpink LE

Players

PissedMarine - Winner!

  • Race: Protoss Protoss
  • League: Platinum
  • Spawn Location: 7:00

ENlightMONK

  • Race: Terran Terran
  • League: Silver
  • Spawn Location: 1:00

VOD

Have the link to the VOD?

Description

Time

  • Played on: Jan. 14, 2018, 10:44 p.m.
  • Length: 16:37
Show
View Real Time Build Order
Export as new Build Order

PissedMarine Protoss - Winner!

Build Orders: Colossus Rush 

Get SALT Encoding   

  12  0:02  Probe  
  13  0:15  Probe  
  14  0:23  Pylon  
  14  0:27  Probe  
  15  0:41  Probe  
  16  0:47  Gateway  
  16  0:56  Probe, Assimilator  
  17  1:08  Probe  
  18  1:24  Pylon  
  18  1:35  Probe  
  19  1:40  Zealot  
  19  1:41  Cybernetics Core  
  21  1:47  Nexus  
  21  1:48  Probe  
  22  1:54  Assimilator  
  22  2:00  Probe  
  23  2:02  Pylon  
  23  2:09  Warp Gate  
  23  2:21  Pylon  
  23  2:24  Gateway  
  23  2:29  Adept (Chrono Boost)  
  23  2:36  Probe (Chrono Boost)  
  26  2:47  Probe (Chrono Boost)  
  27  2:52  Robotics Facility  
  27  2:57  Probe (Chrono Boost)  
  28  3:04  Probe (Chrono Boost)  
  29  3:15  Pylon  
  29  3:17  Probe (Chrono Boost)  
  31  3:20  Probe (Chrono Boost)  
  31  3:23  Probe  
  32  3:42  Probe  
  33  3:51  Probe  
  33  3:54  Probe (Chrono Boost)  
  35  3:56  Assimilator  
  35  3:57  Assimilator  
  35  4:04  Robotics Bay  
  35  4:06  Observer  
  35  4:07  Probe (Chrono Boost)  
  38  4:13  Probe (Chrono Boost)  
  38  4:26  Probe  
  38  4:27  Probe, Observer  
  39  4:39  Probe, Pylon  
  39  4:41  Forge, Probe  
  39  4:43  Pylon x2  
  39  4:44  Pylon  
  41  4:45  Sentry  
  41  4:46  Sentry  
  41  4:49  Colossus (Chrono Boost)  
  41  4:51  Probe (Chrono Boost)  
  52  4:57  Probe (Chrono Boost)  
  53  5:10  Stalker x2, Probe x2 (Chrono Boost)  
  53  5:12  Protoss Ground Weapons Level 1 (Chrono Boost)  
  59  5:22  Probe x2, Pylon  
  61  5:34  Stalker x2  
  61  5:35  Probe x2  
  67  5:42  Photon Cannon  
  67  5:50  Shield Battery  
  67  5:52  Probe, Shield Battery  
  61  6:06  Probe x2  
  63  6:11  Twilight Council  
  63  6:25  Probe x2 (Chrono Boost), Nexus  
  65  6:30  Colossus  
  71  6:38  Pylon  
  71  6:44  Probe (Chrono Boost)  
  72  6:48  Blink  
  72  6:50  Templar Archives  
  72  6:51  Probe  
  73  6:55  Probe  
  74  7:03  Probe, Protoss Ground Weapons Level 2 (Chrono Boost)  
  74  7:07  Probe, Pylon  
  76  7:15  Probe  
  76  7:20  Probe  
  78  7:33  Probe x2  
  80  7:37  High Templar x2  
  80  7:44  Assimilator  
  84  7:45  Probe  
  84  7:46  Probe x2  
  84  7:47  Assimilator  
  84  7:49  Observer (Chrono Boost)  
  84  7:50  Pylon  
  88  7:53  Pylon  
  88  7:57  Forge  
  88  7:59  Pylon  
  88  8:00  Forge  
  88  8:02  Probe x3  
  91  8:07  Gateway  
  91  8:08  Gateway, Observer (Chrono Boost)  
  91  8:11  Gateway  
  92  8:14  Gateway  
  92  8:21  Probe  
  92  8:22  Probe  
  94  8:29  Probe  
  94  8:34  Protoss Ground Armor Level 1 (Chrono Boost)  
  95  8:36  Gateway  
  95  8:37  Gateway  
  95  8:39  Gateway  
  95  8:43  Gateway  
  95  8:47  Protoss Shields Level 1 (Chrono Boost)  
  95  8:49  Charge  
  95  8:54  Colossus  
  101  9:23  Nexus  
  101  9:27  Pylon  
  101  9:30  Pylon, High Templar x3  
  101  9:31  High Templar x2  
  111  9:32  Pylon  
  111  9:33  Probe x3  
  111  9:36  Assimilator  
  114  9:39  Assimilator  
  114  9:44  Protoss Air Weapons Level 1 (Chrono Boost)  
  114  9:45  Archon x2  
  114  9:47  Pylon  
  114  9:52  Colossus  
  114  9:53  Stargate  
  120  10:05  High Templar  
  122  10:17  Probe x2, Stargate  
  122  10:18  Probe, Stargate  
  125  10:25  Protoss Ground Weapons Level 3 (Chrono Boost)  
  125  10:26  Photon Cannon  
  125  10:28  Protoss Ground Armor Level 2 (Chrono Boost)  
  125  10:29  Dark Shrine  
  125  10:35  Pylon  
  125  10:41  Protoss Shields Level 2 (Chrono Boost)  
  125  10:58  Nexus  
  125  11:01  Pylon  
  125  11:07  Probe x4  
  129  11:12  Photon Cannon  
  129  11:13  Void Ray (Chrono Boost)  
  129  11:16  Pylon  
  137  11:22  Void Ray (Chrono Boost)  
  137  11:25  Stalker x2  
  141  11:34  Probe x3  
  141  11:37  Pylon  
  144  11:50  Stalker x5  
  154  12:02  Fleet Beacon, Psionic Storm  
  154  12:06  Void Ray  
  158  12:13  Void Ray  
  162  12:25  Probe x2  
  162  12:26  Assimilator  
  162  12:27  Assimilator  
  164  12:33  Photon Cannon  
  164  12:36  Archon  
  164  12:45  Stargate  
  164  12:50  Gateway  
  164  12:52  Gateway  
  164  12:54  Gateway  
  164  12:56  Gateway  
  164  12:59  Probe x4, Protoss Shields Level 3 (Chrono Boost)  
  164  13:00  Protoss Air Weapons Level 2 (Chrono Boost)  
  168  13:09  Protoss Ground Armor Level 3 (Chrono Boost)  
  168  13:23  Mothership  
  115  13:34  Extended Thermal Lance  
  176  13:38  Dark Templar x2  
  180  13:43  Photon Cannon  
  180  13:49  Void Ray x2  
  180  13:55  Void Ray  
  192  14:05  Photon Cannon  
  191  14:19  Immortal  
  195  14:25  Robotics Facility  
  195  14:58  Immortal  
  199  15:07  Nexus  
  199  15:09  Pylon  
  199  15:13  Probe, Pylon x2  
  200  15:16  Assimilator  
  200  15:19  Assimilator  
  200  16:02  Gateway  
  200  16:04  Gateway  
  200  16:07  Gateway  
  200  16:09  Gateway  
  200  16:15  Gateway  
  200  16:23  Pylon  
  200  16:28  Pylon  
  200  16:31  Pylon  
  200  16:33  Pylon  
  200  16:36  Pylon  
Show
View Real Time Build Order
Export as new Build Order

ENlightMONK Terran 

Build Orders:  

Get SALT Encoding   

  12  0:01  SCV  
  13  0:13  SCV  
  14  0:17  Supply Depot  
  14  0:29  SCV  
  15  0:41  SCV  
  15  0:42  Barracks  
  16  0:49  Refinery  
  16  0:53  Refinery  
  16  0:55  SCV  
  17  1:07  SCV  
  18  1:23  SCV  
  18  1:33  Supply Depot  
  18  1:35  SCV  
  18  1:38  Barracks  
  19  1:47  SCV  
  20  1:59  SCV  
  21  2:05  Barracks Reactor  
  21  2:09  Factory  
  21  2:11  SCV  
  22  2:23  SCV  
  22  2:25  Barracks Reactor  
  23  2:34  Supply Depot  
  23  2:35  SCV  
  26  2:47  SCV  
  25  3:00  SCV  
  25  3:02  Barracks Tech Lab  
  26  3:06  Engineering Bay  
  26  3:08  Widow Mine  
  26  3:12  Widow Mine  
  31  3:19  Orbital Command  
  28  3:50  Terran Infantry Weapons Level 1, Starport  
  28  3:52  Marine x2  
  30  3:59  Widow Mine  
  30  4:07  SCV  
  31  4:31  Medivac  
  31  4:33  Marine x3  
  36  4:39  Widow Mine  
  36  4:43  SCV  
  39  4:57  Supply Depot  
  39  5:17  Starport Reactor  
  39  5:19  SCV  
  39  5:20  Supply Depot  
  40  5:31  SCV  
  40  5:32  Marine x2  
  40  5:33  Marine  
  44  5:43  SCV  
  45  5:50  Marine x3  
  45  5:55  SCV  
  40  6:07  SCV  
  40  6:09  Marauder  
  43  6:12  Widow Mine x2  
  43  6:14  Medivac  
  43  6:15  Medivac  
  43  6:18  Marine x2  
  51  6:23  Terran Infantry Armor Level 1  
  53  6:31  SCV  
  54  6:42  Factory  
  54  6:43  SCV  
  55  7:03  Supply Depot  
  55  7:07  Liberator  
  55  7:11  Combat Shields  
  55  7:24  Marine  
  55  7:25  Marauder, Widow Mine  
  55  7:27  Supply Depot  
  63  7:30  Factory Tech Lab  
  63  7:40  Fusion Core  
  63  7:49  Marauder  
  65  7:54  Widow Mine, Starport  
  65  7:55  Widow Mine  
  69  8:32  Starport, Starport Tech Lab  
  69  8:45  Weapon Refit  
  69  9:09  Widow Mine  
  71  9:11  Command Center  
  71  9:21  Supply Depot  
  71  9:42  Marine x4, Widow Mine  
  71  9:43  Supply Depot  
  77  9:49  Liberator  
  77  9:51  Liberator  
  77  9:53  Starport Tech Lab  
  77  10:00  Marine  
  77  10:06  Supply Depot  
  81  10:11  Marine  
  85  10:15  Marine  
  86  10:25  Medivac  
  88  10:31  Supply Depot  
  88  11:00  SCV x2  
  90  11:12  SCV x2  
  90  11:16  Supply Depot  
  92  11:24  SCV x2  
  94  11:32  Widow Mine x2  
  98  11:33  Widow Mine  
  98  11:36  SCV  
  98  11:38  SCV  
  102  11:48  SCV  
  102  11:50  SCV  
  102  11:52  Marine x2  
  102  11:53  Widow Mine  
  108  12:05  Armory  
  108  12:18  Orbital Command, Refinery  
  108  12:19  SCV  
  109  12:24  Refinery  
  109  12:28  Supply Depot  
  109  12:30  Supply Depot  
  109  12:31  SCV  
  110  12:50  SCV  
  110  12:51  SCV, Supply Depot  
  112  12:53  Liberator  
  112  12:54  Liberator, Terran Vehicle Weapons Level 1  
  112  13:02  Armory  
  112  13:03  SCV x2  
  114  13:07  Raven  
  122  13:17  Siege Tank  
  125  13:20  Marine  
  125  13:21  Marine  
  125  13:23  SCV  
  125  13:26  SCV  
  129  13:35  SCV  
  130  13:44  Terran Infantry Weapons Level 2  
  130  13:49  Siege Tank  
  130  13:52  Supply Depot  
  133  13:58  Terran Ship Weapons Level 1  
  133  14:10  Supply Depot  
  133  14:14  Supply Depot  
  133  14:15  Missile Turret  
  133  14:25  Liberator  
  133  14:38  Supply Depot, Missile Turret  
  133  14:42  Missile Turret  
  140  14:45  Widow Mine x2  
  140  14:46  Marine  
  141  15:05  Medivac  
  141  15:06  Barracks  
  143  15:07  Widow Mine  
  145  15:25  Medivac  
  147  15:49  Orbital Command  
  153  15:59  Barracks  
  153  16:01  Marine x4  
  163  16:15  Widow Mine x3  
  169  16:19  SCV, Marine x2  
Tags
 
Add a new tag
Caveats
  • Supply blocks, unpowered buildings, or Contaminate may cause inaccurate times.
  • Supply counts are checked every 10 seconds.